 Dungeon Crawl Stone Soup version 0.23.2-33-g5129a83184 (webtiles) character file.

Game seed: 603338839877955260

58 FishyPogo the Stinger (level 3, -6/28 HPs)
             Began as a Draconian Venom Mage on Aug 4, 2019.
             Was an Initiate of Wu Jian.
             Mangled by an orc warrior
             ... wielding a +0 glaive
              (12 damage)
             ... on level 2 of the Dungeon.
             The game lasted 00:09:27 (988 turns).

FishyPogo the Stinger (Draconian Venom Mage)         Turns: 988, Time: 00:09:28

Health: -6/28      AC:  5    Str: 10    XL:     3   Next: 76%
Magic:  3/6        EV: 12    Int: 16    God:    Wu Jian [......]
Gold:   59         SH:  4    Dex: 11    Spells: 2/6 levels left

rFire    . . .     SeeInvis .   h - +1 dagger (venom)
rCold    . . .     Gourm    .   d - +1 buckler
rNeg     . . .     Faith    .   (armour unavailable)
rPois    .         Spirit   .   (helmet restricted)
rElec    .         Reflect  .   (no cloak)
rCorr    .         Harm     .   (no gloves)
MR       .....                  (no boots)
Stlth    ++........             (no amulet)
HPRegen  0.09/turn              (no ring)
MPRegen  0.10/turn              (no ring)

@: very slightly contaminated
A: unfitting armour, cold-blooded, AC +5
a: Renounce Religion


You were on level 2 of the Dungeon.
You worshipped Wu Jian.
Wu Jian was noncommittal.
You were not hungry.

You visited 1 branch of the dungeon, and saw 2 of its levels.

You collected 59 gold pieces.

Inventory:

Hand Weapons
 c - a +0 spear
 h - a +1 dagger of venom (weapon)
Armour
 d - a +1 buckler (worn)
Scrolls
 e - a scroll of random uselessness {unknown}
 f - a scroll of teleportation {unknown}
 g - a scroll of identify {unknown}
 i - a scroll of enchant armour
Comestibles
 a - 4 chunks of flesh
 b - 3 rations


   Skills:
 + Level 1.1 Fighting
 - Level 2.0 Dodging
 - Level 2.0 Stealth
 * Level 1.3 Shields
 + Level 2.2 Spellcasting
 + Level 1.5 Conjurations
 * Level 3.5 Poison Magic


You had 2 spell levels left.
You knew the following spells:

 Your Spells              Type           Power        Failure   Level  Hunger
a - Sting                 Conj/Pois      #...         11%         1    #......
b - Mephitic Cloud        Conj/Pois/Air  #.......     41%         3    ###....

Your spell library contained the following spells:

 Spells                   Type           Power        Failure   Level  Hunger
 Poisonous Vapours        Pois/Air       #.....       22%         2    ###....
 Olgreb's Toxic Radiance  Pois           ##......     56%         4    #####..
 Venom Bolt               Conj/Pois      #.........   96%         5    ######.


Dungeon Overview and Level Annotations

Branches:
Dungeon (2/15)

Altars:
Wu Jian


Innate Abilities, Weirdness & Mutations

Your plain brown scales are hard. (AC +5)
You cannot fit into any form of body armour.
You are cold-blooded and may be slowed by cold attacks.


Message History

Casting: Sting (safe; 11% risk of failure)
Confirm with . or Enter, or press ? or * to list all spells.
Aiming: Sting (safe; 11% risk of failure)
Press: ? - help, Shift-Dir - straight line, f/p - orc warrior
Aim: an orc warrior, wielding a +0 glaive and wearing a +0 chain mail (lightly wounded, poisoned)
The sting hits the orc warrior but does no damage.
The orc warrior is lightly wounded.
An orc comes into view. It is wielding a +0 dagger.
You lunge at the orc warrior.
You barely miss the orc warrior.
The orc warrior is lightly wounded.
An orc wizard comes into view. It is wielding a +0 dagger.
The orc warrior hits you with a +0 glaive!!
Ouch! That really hurt!
* * * LOW HITPOINT WARNING * * *
The orc shouts!
As you read the scroll labeled YPPELU BEI, it crumbles to dust.
It is a scroll of enchant armour.
Your +0 buckler glows green for a moment.
The orc warrior hits you with a +0 glaive!
You die...

..# #.. #o# #.#
#o#### #o#..# .
#o#..# ♣.♣
#######@#..###..<.
....................
...
....................
#.#
#.#.......#..###.#.
#.# #.#.#####.#..#
#.# #.# #...#.#..#
#.#.####.# #.....#..#
#.#....#.#.###.###..#
#.####.#.#..........#


You could see an orc warrior, an orc wizard and 2 orcs.

Vanquished Creatures
  A gnoll (D:1)
  2 adders (D:2)
  An ooze (D:1)
  2 dart slugs (D:1)
  5 goblins (D:1)
  2 hobgoblins
  3 jackals (D:2)
  4 kobolds
  A bat (D:1)
  A frilled lizard (D:2)
  A rat (D:1)
23 creatures vanquished.

Notes
Turn   | Place    | Note
-------+----------+-------------------------------------------
     0 | D:1      | FishyPogo the Draconian Venom Mage began the quest for the
                  | Orb.
     0 | D:1      | Reached XP level 1. HP: 14/14 MP: 3/3
   167 | D:1      | Reached XP level 2. HP: 22/22 MP: 0/5
   538 | D:1      | Reached XP level 3. HP: 27/27 MP: 6/6
   702 | D:2      | Found an ornate altar of the Wu Jian Council.
   736 | D:2      | Became a worshipper of the Wu Jian Council
   825 | D:2      | Reached skill level 1 in Shields
   859 | D:2      | Learned a level 3 spell: Mephitic Cloud
   901 | D:2      | Reached skill level 1 in Fighting
   965 | D:2      | Noticed an orc warrior
   988 | D:2      | Mangled by an orc warrior

Skill      XL: |  1  2  3 |
---------------+----------+-----
Dodging        | 2 |  2.0
Stealth        | 2 |  2.0
Shields        | 1 |  1.3
Fighting       | 1 |  1.1
Spellcasting   | |  2.2
Conjurations   | |  1.5
Poison Magic   | |  3.5

Action                   || total
-------------------------++-------
Melee: Unarmed           ||     2
       Dagger            ||    46
       Spear             ||    17
       Tailslap          ||     4
 Cast: Sting             ||    35
Invok: Lunge             ||     2
  Use: Scroll            ||     2
 Stab: Sleeping          ||     2
  Eat: Chunk             ||     1
Armor: Skin              ||    17
Dodge: Dodged            ||    27
Block: Buckler           ||    13
